 Dungeon Crawl Stone Soup version 0.30-a0-920-g7493c07aab (webtiles) character file.

Game seed: 16710414626401462138

8530 cforsyth the Blocker (level 11, 0/82 (89) HPs)
             Began as a Human Fighter on Mar 21, 2023.
             Slain by a vampire mosquito (6 damage)
             ... on level 10 of the Dungeon.
             The game lasted 00:18:10 (12455 turns).

cforsyth the Blocker (Human Fighter)               Turns: 12455, Time: 00:18:11

HP:   0/82 (89)     AC: 20    Str: 20    XL:     11   Next: 57%
MP:   11/11         EV:  6    Int:  8    God:
Gold: 466           SH:  6    Dex: 14    Spells: 10/10 levels left

rFire   . . .      SeeInvis .    a - +0 flail (freeze)
rCold   . . .      Faith    .    c - +0 buckler
rNeg    . . .      Spirit   .    v - +0 plate armour
rPois   .          Reflect  .    (helmet restricted)
rElec   +          Rampage  .    s - +2 cloak
rCorr   .                        B - +0 pair of gloves
Will    .....                    q - +0 pair of boots Stlth
                                 e - amulet of magic regeneration
HPRegen 0.33/turn                i - ring of wizardry
MPRegen 0.52/turn                z - ring of flight

@: about to teleport, flying, drained
A: horns 1, electricity resistance
a: no special abilities


You were on level 10 of the Dungeon.
You visited 2 branches of the dungeon, and saw 11 of its levels.
You also visited: Ossuary and Bailey.

You collected 466 gold pieces.

Inventory:

Hand Weapons
 a - a +0 flail of freezing (weapon)
Armour
 b - a +0 scale mail
 c - a +0 buckler (worn)
 n - a +0 helmet
 q - a +0 pair of boots (worn)
 s - a +2 cloak (worn)
 v - a +0 plate armour (worn)
 B - a +0 pair of gloves (worn)
Jewellery
 e - an amulet of magic regeneration (around neck)
 i - a ring of wizardry (left hand)
 k - a ring of ice
 u - a ring of wizardry
 z - a ring of flight (right hand)
 E - a +6 ring of dexterity
 H - a ring of magical power
 I - a +6 ring of intelligence
 L - an amulet of regeneration
Wands
 l - a wand of roots (2)
 o - a wand of light (3)
 C - a wand of flame (15)
 K - a wand of charming (4)
Scrolls
 h - 4 scrolls of teleportation
 j - 5 scrolls of fog
 m - 2 scrolls of immolation
 r - a scroll of enchant armour
 w - 3 scrolls of amnesia
 x - 2 scrolls of poison
 y - a scroll of butterflies
 G - a scroll of enchant weapon {unknown}
 J - a scroll of blinking {unknown}
 M - a scroll of identify
Potions
 d - a potion of might
 f - 3 potions of flight
 g - 2 potions of attraction
 p - 6 potions of brilliance
 t - 2 potions of mutation
 A - a potion of berserk rage
 D - a potion of cancellation {unknown}
 F - 3 potions of heal wounds
 N - 4 potions of invisibility
 O - a potion of haste


   Skills:
 + Level 9.2 Fighting
 + Level 9.0 Maces & Flails
 + Level 9.2 Armour
 + Level 9.3 Shields


You had 10 spell levels left.
You didn't know any spells.
Your spell library contained the following spells:

 Spells                   Type           Power      Damage    Failure   Level
 Magic Dart               Conj           0%         1d3       98%         1
 Call Imp                 Summ           0%         N/A       99%         2
 Mephitic Cloud           Conj/Pois/Air  0%         N/A       100%        3
 Stone Arrow              Conj/Erth      0%         3d7       100%        3
 Animate Armour           Summ/Erth      0%         N/A       100%        4
 Lehudib's Crystal Spear  Conj/Erth      0%         10d2      100%        8


Dungeon Overview and Level Annotations

Branches:
Dungeon (10/15)            Temple (1/1) D:5            Lair (0/5) D:10
Ossuary (visited)          Bailey (visited)
    Orc: D:9-12

Altars:
Ashenzari
Cheibriados
Dithmenos
Elyvilon
Fedhas
Gozag
Hepliaklqana
Kikubaaqudgha
Makhleb
Nemelex Xobeh
Okawaru
Qazlal
Ru
Sif Muna
Trog
Uskayaw
Vehumet
Wu Jian
Xom
Yredelemnul
Zin
The Shining One

Shops:
D:1 :   D:10 ?

Annotations:
D:5 2 runed translucent doors


Innate Abilities, Weirdness & Mutations

You have a pair of small horns on your head.
You are resistant to electric shocks. (rElec)


Message History

The vampire mosquito bites you.
* * * LOW HITPOINT WARNING * * *
The vampire mosquito draws strength from your injuries!
The vampire mosquito bites you but does no damage. x3
You block the vampire mosquito's attack.
The vampire mosquito barely misses you.
The vampire mosquito attacks as you move away!
The vampire mosquito bites you but does no damage.
The vampire mosquito attacks as you move away!
The vampire mosquito bites you but does no damage.
The vampire mosquito attacks as you move away!
The vampire mosquito bites you but does no damage.
Your surroundings suddenly seem different.
You start resting.
A vampire mosquito is nearby!
The vampire mosquito attacks as you move away!
The vampire mosquito bites you.
* * * LOW HITPOINT WARNING * * *
The vampire mosquito draws strength from your injuries!
The vampire mosquito buzzes angrily.
You hear an angry buzzing noise.
The vampire mosquito bites you.
* * * LOW HITPOINT WARNING * * *
The vampire mosquito draws strength from your injuries!
The vampire mosquito attacks as you move away!
The vampire mosquito bites you.
* * * LOW HITPOINT WARNING * * *
The vampire mosquito draws strength from your injuries!
The vampire mosquito bites you but does no damage.
As you read the scroll of teleportation, it crumbles to dust.
You feel strangely unstable. The vampire mosquito bites you.
* * * LOW HITPOINT WARNING * * *
The vampire mosquito draws strength from your injuries!
The vampire mosquito attacks as you move away!
The vampire mosquito bites you but does no damage.
The vampire mosquito barely misses you. The vampire mosquito bites you.
* * * LOW HITPOINT WARNING * * *
The vampire mosquito draws strength from your injuries!
The vampire mosquito closely misses you.
The vampire mosquito bites you.
You die...

#.###### ##.....## #.####
##.....## #...<## #........
#.....# #........ #.....#
#........
######....########.......
##....#....##....##.....>.
#.....'.....+....##.....##
#.....#..@>.#....##....(##
#.....#.yyy.#............#
#######.####....##..<.y.......#
##....##.####....##...yyy......#
#.........#....^.##....##......#
#.........#......##....##......#
#[........#......y.............#
#.....[...#...............?....#
#.........#............##.....##


You could see 4 vampire mosquitoes.

Vanquished Creatures
  A two-headed ogre (D:9)
  Pikel (D:5)
  An orc knight (Bailey)
  A gargoyle (D:10)
  A hornet (D:7)
  Grinder (D:6)
  Sigmund (D:6)
  A vampire (D:10)
  A shadow (D:9)
  A wyvern (D:8)
  10 yaks (D:9)
  Grum (D:8)
  A water moccasin (D:8)
  A sky beast (D:7)
  5 black bears
  An ice beast (D:8)
  2 orc warriors
  4 wolves (D:8)
  3 centaurs
  A phantom (D:5)
  4 lemures (D:4)
  A kobold brigand (D:8)
  Blork the orc (D:5)
  5 bullfrogs
  4 scorpions
  12 wights
  5 killer bees (D:9)
  3 howler monkeys
  A centaur zombie (Ossuary)
  A human zombie (Ossuary)
  3 orc priests (D:6)
  A gnoll bouda (D:5)
  4 jellies
  3 iguanas
  5 orc wizards
  Natasha (thrice) (D:3)
  4 mummies (Ossuary)
  Robin (D:1)
  15 gnolls
  8 adders
  3 white imps
  An ufetubus (D:5)
  A worm (D:3)
  4 dart slugs
  36 orcs
  7 endoplasms
  2 giant cockroaches (D:1)
  13 goblins
  8 hobgoblins
  6 jackals (D:2)
  11 kobolds
  6 quokkas
  9 ball pythons
  4 bats
  2 frilled lizards
  2 goblin zombies (Ossuary)
  2 hobgoblin zombies (Ossuary)
  A kobold zombie (Ossuary)
  An orc zombie (Ossuary)
  5 rats
247 creatures vanquished.

Vanquished Creatures (others)
  A bush (D:5)
  A plant (D:3)
2 creatures vanquished.

Grand Total: 249 creatures vanquished

Notes
Turn   | Place    | Note
-------+----------+-------------------------------------------
     0 | D:1      | cforsyth the Human Fighter began the quest for the Orb.
     0 | D:1      | Reached XP level 1. HP: 18/18 MP: 1/1
   146 | D:1      | Reached XP level 2. HP: 13/24 MP: 2/2
   351 | D:1      | Found Poestra's Book Emporium.
   411 | D:1      | Found a faded altar of an unknown god.
   496 | D:1      | Reached XP level 3. HP: 27/29 MP: 3/3
  1068 | D:2      | Noticed Robin
  1098 | D:1      | Killed Robin
  1284 | D:1      | Reached XP level 4. HP: 31/35 MP: 4/4
  2183 | D:3      | Reached XP level 5. HP: 37/41 MP: 5/5
  2398 | D:3      | Noticed Natasha
  2413 | D:3      | Noticed a black bear
  2415 | D:3      | Gained mutation: You have a pair of small horns on your
                  | head. [potion of mutation]
  2415 | D:3      | Gained mutation: You are covered in fur. (AC +1) [potion of
                  | mutation]
  2415 | D:3      | Gained mutation: You are frail. (-10% HP) [potion of
                  | mutation]
  2415 | D:3      | Gained mutation: You have a pair of horns on your head.
                  | [potion of mutation]
  2423 | D:3      | Killed Natasha
  2654 | D:3      | Killed a black bear
  2655 | D:3      | Reached XP level 6. HP: 22/43 MP: 6/6
  2747 | D:3      | Noticed Natasha
  2759 | D:3      | Killed Natasha
  2783 | D:3      | Noticed Natasha
  2789 | D:3      | Killed Natasha
  3207 | D:4      | Found a sand-covered staircase.
  3257 | Ossuary  | Entered an ossuary
  3427 | Ossuary  | Reached XP level 7. HP: 48/49 MP: 7/7
  4269 | D:5      | Entered Level 5 of the Dungeon
  4288 | D:5      | Reached skill level 5 in Shields
  4327 | D:5      | Reached skill level 5 in Fighting
  4327 | D:5      | Reached skill level 5 in Armour
  4327 | D:5      | Reached XP level 8. HP: 55/55 MP: 8/8
  4971 | D:5      | Reached skill level 5 in Maces & Flails
  4986 | D:5      | Noticed Pikel
  4999 | D:5      | Killed Pikel
  5000 | D:5      | Reached XP level 9. HP: 57/62 MP: 9/9
  5068 | D:5      | Noticed Blork the orc
  5079 | D:5      | Killed Blork the orc
  5274 | D:5      | Identified the +7 short sword "Poawkec" {chaos, Will-
                  | Dex+5}
  5386 | D:5      | Found a large runed translucent door.
  5387 | D:5      | Found a large runed translucent door.
  5387 | D:5      | Found a shimmering altar of Xom.
  5416 | D:5      | Found a staircase to the Ecumenical Temple.
  5421 | Temple   | Entered the Ecumenical Temple
  5926 | D:5      | Found an iron altar of Okawaru.
  6262 | D:6      | Noticed Sigmund
  6381 | D:6      | Killed Sigmund
  6619 | D:6      | Lost mutation: You have a pair of horns on your head.
                  | [potion of mutation]
  6619 | D:6      | Lost mutation: You are covered in fur. (AC +1) [potion of
                  | mutation]
  6619 | D:6      | Gained mutation: You are strong-willed. (Will+) [potion of
                  | mutation]
  6619 | D:6      | Gained mutation: You sometimes lose your temper in combat.
                  | [potion of mutation]
  6658 | D:6      | Noticed Grinder
  6694 | D:6      | Killed Grinder
  7479 | D:7      | Reached XP level 10. HP: 71/71 MP: 10/10
  8266 | D:8      | Noticed Grum
  8509 | D:8      | Killed Grum
  9250 | D:8      | Found a sacrificial altar of Ru.
  9678 | D:9      | Reached XP level 11. HP: 78/78 MP: 11/11
 10114 | D:9      | Noticed a two-headed ogre
 10123 | D:9      | Killed a two-headed ogre
 10322 | D:9      | Lost mutation: You are frail. (-10% HP) [potion of
                  | mutation]
 10322 | D:9      | Lost mutation: You are strong-willed. (Will+) [potion of
                  | mutation]
 10322 | D:9      | Gained mutation: Your magical capacity is low. (-10% MP)
                  | [potion of mutation]
 10322 | D:9      | Gained mutation: Your muscles are strong. (Str +4, Int/Dex
                  | -1) [potion of mutation]
 10651 | D:10     | Entered Level 10 of the Dungeon
 10664 | D:10     | Found a flagged portal.
 10672 | Bailey   | Entered a bailey
 10983 | Bailey   | Noticed an orc knight
 11008 | Bailey   | Killed an orc knight
 11012 | Bailey   | HP: 1/78 [gnoll/+0 halberd of electrocution (11)]
 11029 | Bailey   | Lost mutation: Your magical capacity is low. (-10% MP)
                  | [potion of mutation]
 11029 | Bailey   | Lost mutation: You sometimes lose your temper in combat.
                  | [potion of mutation]
 11029 | Bailey   | Lost mutation: Your muscles are strong. (Str +4, Int/Dex
                  | -1) [potion of mutation]
 11029 | Bailey   | Gained mutation: You are frail. (-10% HP) [potion of
                  | mutation]
 11029 | Bailey   | Gained mutation: Your flesh is heat resistant. (rF+)
                  | [potion of mutation]
 11029 | Bailey   | Gained mutation: You have a pair of horns on your head.
                  | [potion of mutation]
 11030 | Bailey   | Lost mutation: You are frail. (-10% HP) [potion of
                  | mutation]
 11030 | Bailey   | Lost mutation: Your flesh is heat resistant. (rF+) [potion
                  | of mutation]
 11030 | Bailey   | Lost mutation: You have a pair of horns on your head.
                  | [potion of mutation]
 11030 | Bailey   | Gained mutation: Armour fits poorly on your strangely
                  | shaped body. [potion of mutation]
 11030 | Bailey   | Lost mutation: Armour fits poorly on your strangely shaped
                  | body. [potion of mutation]
 11030 | Bailey   | Gained mutation: You are resistant to electric shocks.
                  | (rElec) [potion of mutation]
 11475 | D:10     | HP: 2/77 [gargoyle/stone arrow (22)]
 11742 | D:10     | Found a staircase to the Lair.
 11869 | D:10     | Found Toeduh's Magic Scroll Boutique.
 12455 | D:10     | Slain by a vampire mosquito

Illustrated notes

Levels and vault maps discovered:
D:1:      dpeg_arrival_circle_labyrinth_c, layout_basic, serial_shops, shop,
          nicolae_ecumenical_snake_handling
D:2:      layout_basic, uniq_robin
D:3:      cheibrodos_old_hovel, layout_loops_cross, uniq_natasha
D:4:      layout_basic, nicolae_ossuary_entry_false_entrances
D:5:      due_chaos_kobolds, layout_gridville, mainiacjoe_overflow_tiny_flanked,
          minmay_temple_entry_trees, roderic_serpentine_path,
          kb_lookout_dungeons_type, uniq_blork_the_orc, uniq_pikel
D:6:      layout_loops_ring, uniq_sigmund, uniq_grinder
D:7:      wander_river, layout_loops_ring
D:8:      layout_gridville, nicolae_ru_path_of_blood, uniq_grum
D:9:      layout_loops_ring, hangedman_decor_slide_cut
D:10:     layout_gridville, lair_entry_dummy, serial_shops, shop_scrolls,
          enter_bailey_4
Temple:   mainiacjoe_temple_big_plus

Skill      XL: |  1  2  3  4  5  6  7  8  9 10 11 |
---------------+----------------------------------+-----
Maces & Flails | 3 4 5 6 8 9 |  9.0
Fighting       | 4 5 7 8 9 |  9.2
Armour         | 4 5 7 8 9 |  9.2
Shields        | 4 5 6 7 8 9 |  9.3

Action                     |  1- 3 |  4- 6 |  7- 9 | 10-12 || total
---------------------------+-------+-------+-------+-------++-------
  Melee: Flail             |    98 |   188 |   294 |   424 ||  1004
         Headbutt          |       |    17 |    59 |    83 ||   159
    Use: Potion            |       |     6 |     6 |    10 ||    22
         Scroll            |       |     8 |     5 |     7 ||    20
 Armour: Scale mail        |    59 |    77 |       |       ||   136
         Plate armour      |       |    79 |   213 |   413 ||   705
  Dodge: Dodged            |    54 |    80 |    76 |   155 ||   365
  Block: Buckler           |    30 |    66 |    90 |   204 ||   390

Table legend: (Time is in decaauts)
 A = Elapsed time spent in this place.
 B = Non-inter-level travel time spent in this place.
 C = Inter-level travel time spent in this place.
 D = Time resting spent in this place.
 E = Time spent auto-exploring this place.
 F = Levels seen in this place.
 G = Mean time per level.
                   A        B        C        D        E       F      G
               +--------+--------+--------+--------+--------+-----+--------+
         Total |  12615 |  12285 |    330 |   1952 |   7802 |  13 |  970.4 |
       Dungeon |  11095 |  10791 |    304 |   1504 |   7140 |  10 | 1109.5 |
        Temple |    416 |    390 |     26 |      0 |    381 |   1 |  416.0 |
       Ossuary |    325 |    325 |      0 |     70 |     11 |   1 |  325.0 |
        Bailey |    778 |    778 |      0 |    378 |    270 |   1 |  778.0 |
               +--------+--------+--------+--------+--------+-----+--------+

Top non-repeatable levels by time:
     D:9: 1673 daAuts
     D:1: 1339 daAuts
     D:5: 1301 daAuts
     D:4: 1156 daAuts
     D:7: 1104 daAuts
     D:6: 1065 daAuts
     D:2: 1030 daAuts
     D:8: 938 daAuts
     D:3: 791 daAuts
  Bailey: 778 daAuts
    D:10: 694 daAuts
  Temple: 416 daAuts
 Ossuary: 325 daAuts
